 Dungeon Crawl Stone Soup version 0.30-a0-719-gcc4359ea44 (webtiles) character file.

Game seed: 2262885339159157126

435 Dittersdorf the Trooper (level 7, -2/44 HPs)
             Began as a Gargoyle Fighter on Jan 26, 2023.
             Slain by Pikel
             ... wielding a +1 whip of electrocution
              (6 damage)
             ... on level 4 of the Dungeon.
             The game lasted 00:04:19 (3333 turns).

Dittersdorf the Trooper (Gargoyle Fighter)          Turns: 3333, Time: 00:04:20

Health: -2/44      AC: 13    Str: 21    XL:     7   Next: 0%
Magic:  7/7        EV:  9    Int:  9    God:
Gold:   201        SH:  4    Dex:  9    Spells: 6/6 levels left

rFire   . . .      SeeInvis +    a - +1 flail
rCold   . . .      Faith    .    c - +0 buckler
rNeg    + . .      Spirit   .    b - +0 scale mail
rPois   ∞          Reflect  .    (no helmet)
rElec   +          Harm     .    (no cloak)
rCorr   .          Rampage  .    n - +0 pair of gloves
Will    .....                    (no boots) Stlth
                                 (no amulet)
HPRegen 0.27/turn                m - ring of see invisible
MPRegen 0.10/turn                (no ring)

@: no status effects
A: sickness immunity, AC +4, negative energy resistance 1, electricity
resistance, torment resistance 1, petrification resistance
a: no special abilities


You were on level 4 of the Dungeon.
You visited 1 branch of the dungeon, and saw 4 of its levels.

You collected 201 gold pieces.

Inventory:

Hand Weapons
 a - a +1 flail (weapon)
Missiles
 e - 5 poisoned darts (quivered)
 l - a throwing net
Armour
 b - a +0 scale mail (worn)
 c - a +0 buckler (worn)
 n - a +0 pair of gloves (worn)
Jewellery
 m - a ring of see invisible (left hand)
Scrolls
 g - 2 scrolls of enchant weapon
Potions
 d - 3 potions of might
 h - 2 potions of flight {unknown}
 i - 2 potions of curing {unknown}
 j - a potion of mutation
 o - a potion of haste


   Skills:
 + Level 5.0 Fighting
 + Level 3.9 Maces & Flails
 + Level 5.0 Armour
 + Level 5.0 Shields


You had 6 spell levels left.
You didn't know any spells.
Your spell library was empty.

Dungeon Overview and Level Annotations

Branches:
Dungeon (4/15)
 Temple: D:4-7

Altars:

Shops:
D:4 (

Annotations:
D:4 Menkaure, Pikel


Innate Abilities, Weirdness & Mutations

You are immune to sickness and miasma.
Your stone body is resilient. (AC +4)
You are immune to poison.
You resist negative energy. (rN+)
You are resistant to electric shocks. (rElec)
You are resistant to unholy torment.
You are immune to petrification.


Message History

Pikel is heavily wounded.
You block Pikel's attack.
Pikel hits you with a +1 whip of electrocution.
You sock Pikel!
Pikel is severely wounded.
Pikel hits you but does no damage.
You miss Pikel.
Pikel is severely wounded.
Pikel closely misses you.
You miss Pikel.
Pikel is severely wounded.
Pikel hits you with a +1 whip of electrocution!
* * * LOW HITPOINT WARNING * * *
You barely miss Pikel.
Pikel is severely wounded.
Pikel hits you with a +1 whip of electrocution.
* * * LOW HITPOINT WARNING * * *
Pikel barely misses you.
You hit Pikel.
Pikel is almost dead.
Pikel barely misses you.
You hit Pikel.
Pikel is almost dead.
Pikel hits you with a +1 whip of electrocution.
* * * LOW HITPOINT WARNING * * *
You hit Pikel but do no damage.
Pikel is almost dead.
Pikel barely misses you.
Throw: 6 darts (poison)
Press: ? - help, Q - select action, (/) - cycle Shift-Dir - straight line, f - Pikel
Aim: Pikel, wielding a +1 whip of electrocution and wearing a +0 robe (almost dead, 47% to hit)
You throw a poisoned dart. The poisoned dart hits Pikel.
Pikel is poisoned.
Pikel is almost dead.
Pikel cracks his whip.
Pikel hits you but does no damage.
You hit Pikel but do no damage.
Pikel is severely wounded.
Pikel says, "You'll make a fine lemure."
Pikel hits you with a +1 whip of electrocution.
You die...

##.## #.......##.# #
#..# #........#.# #
##.# #........#.# #
#)# #######....# #
#.# #...## ######†##
#...## ........#
#....# ...###..##
#.#..# .........#####
#@#>.#
#.###..#.....###K#..#
#..#..†........55...#
##.#.........###.....
.#.........# #.#....
#...........#
#.##.$..
##..........#
#.##.♣...
##....######
#.#♣.∩.♣.. .....#
##♣.....


You could see Pikel (poisoned) and 2 lemures.

Vanquished Creatures
  A black bear (D:4)
  An ogre (D:4)
  A phantom (D:4)
  2 hounds (D:4)
  4 gnolls
  3 adders (D:2)
  A dart slug (D:3)
  4 orcs
  5 ball pythons
  7 endoplasms
  3 giant cockroaches
  A goblin (D:2)
  8 hobgoblins
  7 jackals (D:2)
  4 kobolds
  3 bats (D:2)
  3 frilled lizards
  6 rats
64 creatures vanquished.

Notes
Turn   | Place    | Note
-------+----------+-------------------------------------------
     0 | D:1      | Dittersdorf the Gargoyle Fighter began the quest for the
                  | Orb.
     0 | D:1      | Reached XP level 1. HP: 14/14 MP: 1/1
   248 | D:1      | Reached XP level 2. HP: 19/19 MP: 2/2
   356 | D:1      | Found a faded altar of an unknown god.
   632 | D:2      | Reached XP level 3. HP: 23/23 MP: 3/3
   924 | D:2      | Reached XP level 4. HP: 29/29 MP: 4/4
  1221 | D:2      | Identified the +1 leather armour of the Armadillo {Str+5
                  | Dex+4}
  2149 | D:3      | Reached XP level 5. HP: 33/33 MP: 5/5
  2778 | D:4      | Noticed Menkaure
  2888 | D:4      | Noticed an ogre
  2942 | D:4      | Killed an ogre
  2943 | D:4      | Reached XP level 6. HP: 39/39 MP: 6/6
  3108 | D:4      | Noticed a black bear
  3125 | D:4      | Killed a black bear
  3288 | D:4      | Reached skill level 5 in Fighting
  3288 | D:4      | Reached skill level 5 in Armour
  3288 | D:4      | Reached skill level 5 in Shields
  3288 | D:4      | Reached XP level 7. HP: 42/44 MP: 7/7
  3298 | D:4      | Found Poexoos's Antique Weapon Boutique.
  3299 | D:4      | Noticed Pikel
  3333 | D:4      | Slain by Pikel

Illustrated notes

Levels and vault maps discovered:
D:1:      grunt_arrival_crossed_arrows, layout_basic,
          hellmonk_ecumenical_altar_run_dry
D:2:      layout_loops_corners, roderic_roman_lattice,
          amcnicky_mini_corridor_feature
D:3:      layout_loops_corners, kennysheep_decorative_pillar,
          minmay_misc_feat_square
D:4:      layout_rooms, serial_shops, nicolae_shop_trees, uniq_menkaure,
          uniq_pikel

Skill      XL: |  1  2  3  4  5  6 |
---------------+-------------------+-----
Armour         | 4 5 |  5.0
Fighting       | 4 5 |  5.0
Shields        | 4 5 |  5.0
Maces & Flails | 3 |  3.9

Action                     |  1- 3 |  4- 6 |  7- 9 || total
---------------------------+-------+-------+-------++-------
  Melee: Flail             |    84 |   137 |    28 ||   249
  Throw: Throwing net      |       |     1 |       ||     1
         Dart              |       |       |     1 ||     1
    Use: Scroll            |       |     7 |       ||     7
 Armour: Scale mail        |    56 |   110 |     9 ||   175
  Dodge: Dodged            |    41 |    83 |     8 ||   132
  Block: Buckler           |    18 |    35 |     3 ||    56

Table legend: (Time is in decaauts)
 A = Elapsed time spent in this place.
 B = Non-inter-level travel time spent in this place.
 C = Inter-level travel time spent in this place.
 D = Time resting spent in this place.
 E = Time spent auto-exploring this place.
 F = Levels seen in this place.
 G = Mean time per level.
                   A        B        C        D        E       F      G
               +--------+--------+--------+--------+--------+-----+--------+
         Total |   3411 |   3256 |    155 |    496 |   2146 |   4 |  852.8 |
       Dungeon |   3411 |   3256 |    155 |    496 |   2146 |   4 |  852.8 |
               +--------+--------+--------+--------+--------+-----+--------+

Top non-repeatable levels by time:
     D:2: 1300 daAuts
     D:3: 1047 daAuts
     D:1: 582 daAuts
     D:4: 481 daAuts
